 Dungeon Crawl Stone Soup version 0.21-a0-329-g12f17e1 (webtiles) character file.

137 nikopol the Magician (level 5, -5/28 HPs)
             Began as a Deep Elf Fire Elementalist on Oct 1, 2017.
             Slain by a scorpion (8 damage)
             ... on level 2 of the Dungeon.
             The game lasted 00:11:14 (2717 turns).

nikopol the Magician (Deep Elf Fire Elementalist)   Turns: 2717, Time: 00:11:15

Health: -5/28      AC:  2    Str:  5    XL:     5   Next: 0%
Magic:  8/13       EV: 13    Int: 21    God:
Gold:   98         SH:  0    Dex: 15    Spells: 7/13 levels left

rFire    . . .     SeeInvis .   g - +0 dagger
rCold    . . .     Gourm    .   (no shield)
rNeg     . . .     Faith    .   a - +0 robe
rPois    .         Spirit   .   (no helmet)
rElec    .         Reflect  .   w - scarf {repulsion}
rCorr    .         Harm     .   (no gloves)
MR       .....                  (no boots)
Stlth    ++........             i - amulet of inaccuracy (curse)
HPRegen  0.09/turn              (no ring)
MPRegen  0.13/turn              (no ring)

@: lethally poisoned (-5 -> -30), repel missiles
A: no striking features
a: no special abilities


You were on level 2 of the Dungeon.
You were not hungry.

You visited 1 branch of the dungeon, and saw 3 of its levels.

You collected 98 gold pieces.

Inventory:

Hand Weapons
 g - a +0 dagger (weapon)
Armour
 a - a +0 robe (worn)
 w - a scarf of repulsion (worn)
Jewellery
 i - a cursed amulet of inaccuracy (around neck)
 n - an uncursed ring of flight {unknown}
Scrolls
 d - 4 scrolls of fear {unknown}
 e - 2 scrolls of blinking {unknown}
 f - 2 scrolls of identify {unknown}
 h - 2 scrolls of remove curse {unknown}
 j - a scroll of random uselessness {unknown}
 m - a scroll of teleportation {unknown}
 r - a scroll of recharging {unknown}
 t - a scroll of noise {unknown}
Potions
 k - a potion of cancellation {unknown}
 l - a potion of flight {unknown}
 o - a potion of magic {unknown}
 q - a potion of degeneration {unknown}
 s - 2 potions of agility {unknown}
 v - a potion of curing {unknown}
Books
 b - a book of Flames

   Spells                             Type                      Level
   a - Flame Tongue                   Conjuration/Fire             1
   b - Throw Flame                    Conjuration/Fire             2
   c - Conjure Flame                  Conjuration/Fire             3
   d - Inner Flame                    Hexes/Fire                   3
   e - Sticky Flame                   Conjuration/Fire             4
   f - Fireball                       Conjuration/Fire             5
Comestibles
 c - 2 bread rations
 p - 4 meat rations


   Skills:
 + Level 3.0 Dodging
 + Level 3.4 Stealth
 + Level 4.5 Spellcasting
 + Level 1.9 Conjurations
 + Level 4.5 Fire Magic


You had 7 spell levels left.
You knew the following spells:

 Your Spells              Type           Power        Failure   Level  Hunger
a - Flame Tongue          Conj/Fire      ###..        3%          1    None
b - Throw Flame           Conj/Fire      ###...       4%          2    #......
c - Conjure Flame         Conj/Fire      ###.....     9%          3    ##.....


Dungeon Overview and Level Annotations

Branches:
Dungeon (3/15)

Altars:
Nemelex Xobeh
Xom


Message History

Casting: Throw Flame
Confirm with . or Enter, or press ? or * to list all spells.
Aiming: Throw Flame
Press: ? - help, Shift-Dir - straight line, f/p - scorpion
Aim: a scorpion The puff of flame hits the scorpion.
The scorpion appears unharmed.
* * * LOW HITPOINT WARNING * * *
You feel sick. The scorpion stings you.
* * * LOW HITPOINT WARNING * * *
You are more poisoned.
The scorpion poisons you!
Casting: Throw Flame
Confirm with . or Enter, or press ? or * to list all spells.
Aiming: Flame Tongue
Press: ? - help, Shift-Dir - straight line, f/p - scorpion
Aim: a scorpion The flame tongue misses the scorpion.
* * * LOW HITPOINT WARNING * * *
You feel sick. The scorpion stings you!
You die...

.# .# .# .# ##
#########
##.#.#.#.##
#.........#
#####.......######
...............s@#
#####.......######
.........>...#
#####......)##
..##(........#
..###.#.#.#.##
..##..###.#.#
####.(....#.# #
##.###.#.#


You could see a scorpion.

Vanquished Creatures
  An orc wizard (D:3)
  4 adders
  An ooze (D:3)
  A worm (D:2)
  2 dart slugs
  2 leopard geckos
  2 orcs
  11 bats
  4 giant cockroaches
  6 hobgoblins
  2 jackals (D:1)
  3 quokkas (D:2)
  A ball python (D:1)
  6 frilled lizards
  2 goblins
  7 kobolds
  4 rats
59 creatures vanquished.

Notes
Turn   | Place    | Note
-------+----------+-------------------------------------------
     0 | D:1      | nikopol the Deep Elf Fire Elementalist began the quest for the Orb.
     0 | D:1      | Reached XP level 1. HP: 10/10 MP: 6/6
   384 | D:1      | Reached XP level 2. HP: 15/15 MP: 6/8
   395 | D:1      | Found a sparkling altar of Nemelex Xobeh.
   997 | D:2      | Reached XP level 3. HP: 18/19 MP: 6/9
  1305 | D:2      | Found a shimmering altar of Xom.
  1458 | D:2      | Reached XP level 4. HP: 7/24 MP: 2/11
  1931 | D:3      | Learned a level 2 spell: Throw Flame
  2020 | D:3      | Learned a level 3 spell: Conjure Flame
  2604 | D:3      | Reached XP level 5. HP: 25/28 MP: 9/13
  2717 | D:2      | Slain by a scorpion

Vault maps used:
D:1:      minmay_arrival_glassed_features, serial_forest,
          infiniplex_forest_end_double, infiniplex_forest_lined_room_3,
          infiniplex_forest_clump_cross, infiniplex_forest_clump_medium,
          infiniplex_forest_straight_4, infiniplex_forest_clump_diagonal,
          infiniplex_forest_clump_small, nemelex_xobeh_ov_fountains_minmay
D:2:      brannock_xom_greatest_gift, st_stairs_4
D:3:      elyvilon_altar_5

Skill      XL: |  1  2  3  4 |
---------------+-------------+-----
Fire Magic     | 4 |  4.5
Stealth        | 3 |  3.4
Spellcasting   | 4 |  4.5
Dodging        | 3 |  3.0
Conjurations   | |  1.9

Action                   |  1- 3 |  4- 6 || total
-------------------------+-------+-------++-------
Melee: Dagger            |     2 |     1 ||     3
 Cast: Flame Tongue      |    69 |    57 ||   126
       Conjure Flame     |       |     2 ||     2
       Throw Flame       |       |     2 ||     2
  Eat: Chunk             |     1 |     4 ||     5
Armor: Robe              |     7 |     2 ||     9
Dodge: Dodged            |    24 |    24 ||    48

Table legend:
 A = Spawn XP
 B = Non-spawn XP
 C = Spawn XP percentage of total XP
 D = Spawn monster count
 E = Non-spawn monster count
 F = Spawn count percentage of total count
 G = Total turns spent on level
                    A         B        C        D         E        F      G
               +---------+---------+-------+---------+---------+-------+---------
         Total |       0 |     196 |   0.0 |       0 |      59 |   0.0 |  2717
               +---------+---------+-------+---------+---------+-------+---------
           D:1 |       0 |      33 |   0.0 |       0 |      18 |   0.0 |   900
           D:2 |       0 |      70 |   0.0 |       0 |      21 |   0.0 |   988
           D:3 |       0 |      93 |   0.0 |       0 |      20 |   0.0 |   829
               +---------+---------+-------+---------+---------+-------+---------
